 Dungeon Crawl Stone Soup version 0.31.0-32-g396128a36d (webtiles) character file.

Game seed: 12201976543719978533

40 hawla the Trooper (level 3, -1/20 HPs)
             Began as a Felid Shapeshifter on Mar 24, 2024.
             Slain by a goblin
             ... wielding a +0 club
             ... led by Robin
              (7 damage)
             ... on level 2 of the Dungeon.
             The game lasted 00:02:30 (843 turns).

hawla the Trooper (Felid Shapeshifter)               Turns: 843, Time: 00:02:31

Health: -1/20      AC:  1    Str: 12    XL:     3   Next: 30%
Magic:  4/4        EV: 17    Int: 13    God:
Gold:   44         SH:  0    Dex: 15    Spells: 2/2 levels left
                                        Lives:  0   Deaths: 1

rFire   . .          .
                       - Unarmed
rCold   . . .        (shield unavailable)
rNeg    . . .        (body armour unavailable)
rPois   .            (helmet unavailable)
rElec   .            (cloak unavailable)
rCorr   .            (gloves unavailable)
SInv    +            (boots unavailable)
Will    .....        (no amulet)
Stlth   +            (no ring)
HPRegen 0.23/turn    (no ring)
MPRegen 0.09/turn

%: no passive effects
@: beast-form
A: beast (slay +1), very small, claws 1, fangs 3, see invisible, shaggy fur 1,
stealthy paws, no weapons or thrown items, no armour, multi-lived
a: Begin Untransformation


You were on level 2 of the Dungeon.
You were a hulking beast.
You visited 1 branch of the dungeon, and saw 2 of its levels.

You collected 44 gold pieces.

Inventory:

Talismans
 b - a beast talisman
 c - a flux talisman
Scrolls
 d - a scroll of vulnerability {unknown}
 e - 4 scrolls of identify {unknown}
 f - a scroll of brand weapon {unknown}
 g - a scroll of fear {unknown}
 h - a scroll of poison {unknown}
 j - a scroll of noise {unknown}
 k - a scroll of teleportation {unknown}
 l - a scroll of fog {unknown}
Potions
 a - a potion of lignification
 i - 2 potions of curing {unknown}


   Skills:
 + Level 3.3 Fighting
 - Level 2.6 Dodging
 - Level 3.0 Unarmed Combat
 - Level 2.6 Shapeshifting


You had 2 spell levels left.
You didn't know any spells.
Your spell library was empty.

Dungeon Overview and Level Annotations

Branches:
Dungeon (2/15)

Altars:

Annotations:
D:2 Robin, Terence


Innate Abilities, Weirdness & Mutations

You are a hulking beast.
Your limbs bulge with bestial killing power. (Slay +1)
You have sharp claws.
You have razor-sharp teeth.
You have supernaturally acute eyesight. (SInv)
You are covered in fur. (AC +1)
Your paws help you pounce on unaware monsters.
You are incapable of wielding weapons or throwing items.
You cannot wear armour.
You gain extra lives every three experience levels.


Message History

You open the door.
There is an open door here.
A goblin comes into view. It is wielding a +0 club.
Found a scroll labelled DIANGEFIMP.
A goblin is nearby!
A goblin is nearby!
A goblin comes into view. It is wielding a +0 club.
The goblin shouts!
You hear a shout! x3
A hobgoblin comes into view.
You hear a shout! x2
A hobgoblin and 5 goblins come into view.
A goblin is wielding a +1 dagger of speed.
The hobgoblin shouts! x2; The goblin shouts!
The goblin moves out of view.
Robin, a goblin and a hobgoblin come into view.
The goblin is wielding a +0 dagger of venom.
Robin shouts!
The goblin shouts!
The hobgoblin shouts!
Robin throws the goblin at you!
You barely miss the goblin.
The goblin shouts!
A hobgoblin comes into view.
The goblin hits you with a +0 club.
Unknown command.
You scratch the goblin.
The goblin is severely wounded.
The goblin completely misses you.
You scratch the goblin.
You kill the goblin!
Robin says, "Bow before me, strongest of all the hobgoblins!"
Robin roars a battlecry!
The goblins go into a battle-frenzy!
The hobgoblin hits you. The goblin barely misses you.
The hobgoblin attacks as it pursues you!
The hobgoblin completely misses you. The goblin attacks as it pursues you!
The goblin hits you with a +0 club.
The hobgoblin attacks as it pursues you!
The hobgoblin hits you.
* * * LOW HITPOINT WARNING * * *
The goblin attacks as it pursues you! The goblin hits you with a +0 club!
You die...

..... #.##.#
...... ##'##.#
...g.g #..†..#
..gg# #.....#
gg.## #.....#
#gg## #.....#
#.)###.....#
##gg.......#
#.h..#'##.#
#....#.##.#
###'##.##.#
#.##.##.#
#..#.##.#
##.#.##.#
#########.#.##.#
.......##.#.##.#
.......##.#.##.#


You could see Robin, 3 hobgoblins and 6 goblins.

Vanquished Creatures
  An adder (D:2)
  A dart slug (D:1)
  2 ball pythons (D:1)
  4 endoplasms
  4 goblins
  A hobgoblin (D:2)
  3 kobolds
  2 quokkas
  4 bats
  A frilled lizard (D:1)
  6 rats
29 creatures vanquished.

Notes
Turn   | Place    | Note
-------+----------+-------------------------------------------
     0 | D:1      | hawla the Felid Shapeshifter began the quest for the Orb.
     0 | D:1      | Reached XP level 1. HP: 10/10 MP: 2/2
   114 | D:1      | Reached XP level 2. HP: 9/15 MP: 3/3
   165 | D:1      | You fall into a shaft and drop 1 floor!
   238 | D:1      | Found a faded altar of an unknown god.
   643 | D:2      | Noticed Terence
   648 | D:2      | Slain by Terence
   648 | D:2      | Lost a life (0 lives remaining)
   735 | D:2      | Reached XP level 3. HP: 12/20 MP: 4/4
   838 | D:2      | Noticed Robin
   843 | D:2      | Slain by a goblin

Illustrated notes

Levels and vault maps discovered:
D:1:      reono_arrival_forest_river, layout_basic, serial_glass,
          glass_columns_a, glass_columns_a, shapermc_ecumenical_altar_flowoftime
D:2:      layout_basic, uniq_robin, uniq_terence

Skill      XL: |  1  2 |
---------------+-------+-----
Fighting       | 2 3 |  3.3
Dodging        | |  2.6
Unarmed Combat | |  3.0
Shapeshifting  | |  2.6

Action                     || total
---------------------------++-------
  Melee: Unarmed           ||    48
         Bite              ||     2
         Punch             ||     2
   Stab: Sleeping          ||     2
 Armour: Skin              ||    19
  Dodge: Dodged            ||    26
